NCAA
CALIFORNIA GOLDEN BEARS @ IOWA STATE CYCLONES
05/13/2028
 
TOP OF THE 1ST
California Golden Bears batting - Pitching for Iowa State Cyclones : RHP Derrek Sánchez
Pitching: RHP Derrek Sánchez
Batting: RHB Johnny Phillips 0-0: Ball
1-0: Ball
2-0: Ground out 6-3 (Groundball, 6)
Batting: RHB Phil Cabrera 0-0: Ball
1-0: Ball
2-0: Ball
3-0: Called Strike
3-1: Foul Ball, location: 2F
3-2: Base on Balls
Batting: RHB Sergio González 0-0: Called Strike
0-1: Foul Ball, location: 2F
0-2: Fly out, F7 (Flyball, 7)
Batting: RHB Owen Jenkins 0-0: Ball
1-0: Ball
2-0: Fly out, F5 (Line Drive, 5)
Top of the 1st over - 0 run(s), 0 hit(s), 0 error(s), 1 left on base; California 0 - Iowa State 0
BOTTOM OF THE 1ST
Iowa State Cyclones batting - Pitching for California Golden Bears : LHP Keith O'Higgins
Pitching: LHP Keith O'Higgins
Batting: RHB Shane Marshall 0-0: Foul Ball, location: 2F
0-1: Swinging Strike
0-2: Foul Ball, location: 2F
0-2: Foul Ball, location: 2F
0-2: Ball
1-2: Strikes out swinging
Batting: SHB Jim Graves 0-0: Called Strike
0-1: Foul Ball, location: 2F
0-2: Foul Ball, location: 2F
0-2: Foul Ball, location: 2F
0-2: Ball
1-2: Ball
2-2: Fly out, F9 (Flyball, 9)
Batting: LHB Ángel Pérez 0-0: Ball
1-0: Ball
2-0: Called Strike
2-1: Foul Ball, location: 2F
2-2: Foul Ball, location: 2F
2-2: SINGLE (Flyball, 6MD)
Batting: RHB Pedro Rivera 0-0: Ball
1-0: Ball
2-0: Foul Ball, location: 2F
2-1: Fly out, F7 (Line Drive, 7S)
Bottom of the 1st over - 0 run(s), 1 hit(s), 0 error(s), 1 left on base; California 0 - Iowa State 0
TOP OF THE 2ND
California Golden Bears batting - Pitching for Iowa State Cyclones : RHP Derrek Sánchez
Batting: LHB B.J. Ware 0-0: Ball
1-0: Ball
2-0: Foul Ball, location: 2F
2-1: Foul Ball, location: 2F
2-2: Strikes out swinging
Batting: SHB Dan Morse 0-0: Ball
1-0: Ball
2-0: Ground out 4-3 (Groundball, 4)
Batting: RHB Mike Hammond 0-0: Fly out, F8 (Flyball, 8RS)
Top of the 2nd over - 0 run(s), 0 hit(s), 0 error(s), 0 left on base; California 0 - Iowa State 0
BOTTOM OF THE 2ND
Iowa State Cyclones batting - Pitching for California Golden Bears : LHP Keith O'Higgins
Batting: SHB Ralph Marshall 0-0: Called Strike
0-1: Ball
1-1: Foul Ball, location: 2F
1-2: Ball
2-2: Strikes out looking
Batting: RHB Jim Hall 0-0: Ball
1-0: Ball
2-0: Ball
3-0: Called Strike
3-1: Foul Ball, location: 2F
3-2: Foul Ball, location: 2F
3-2: Ground out 5-3 (Groundball, 5)
Batting: RHB Russell Cook 0-0: Foul Ball, location: 2F
0-1: Ball
1-1: Ball
2-1: Reached on error, E5 (Groundball, 5)
Batting: RHB Paco Camacho 0-0: Ball
1-0: Fly out, F6 (Popup, 6D)
Bottom of the 2nd over - 0 run(s), 0 hit(s), 1 error(s), 1 left on base; California 0 - Iowa State 0
TOP OF THE 3RD
California Golden Bears batting - Pitching for Iowa State Cyclones : RHP Derrek Sánchez
Batting: RHB Cal Cox 0-0: Ball
1-0: Foul Ball, location: 2F
1-1: Called Strike
1-2: Ball
2-2: Strikes out swinging
Batting: RHB Cisco Villa 0-0: Ball
1-0: Called Strike
1-1: Ball
2-1: Ball
3-1: Base on Balls
Batting: RHB Johnny Phillips 0-0: Swinging Strike
0-1: Ball
1-1: Fly out, F4 (Popup, 4S)
Batting: RHB Phil Cabrera 0-0: Ball
1-0: Foul Ball, location: 2F
1-1: Hit by Pitch
Cisco Villa to second
Batting: RHB Sergio González 0-0: Ball
1-0: Fly out, F8 (Flyball, 8LXD)
Top of the 3rd over - 0 run(s), 0 hit(s), 0 error(s), 2 left on base; California 0 - Iowa State 0
BOTTOM OF THE 3RD
Iowa State Cyclones batting - Pitching for California Golden Bears : LHP Keith O'Higgins
Batting: LHB Geoffrey Poole 0-0: Ball
1-0: Fly out, F8 (Flyball, 8LM)
Batting: RHB Shane Marshall 0-0: Ground out U3 (Groundball, 34)
Batting: SHB Jim Graves 0-0: Ball
1-0: Foul Ball, location: 2F
1-1: Ground out 5-3 (Groundball, 56)
Bottom of the 3rd over - 0 run(s), 0 hit(s), 0 error(s), 0 left on base; California 0 - Iowa State 0
TOP OF THE 4TH
California Golden Bears batting - Pitching for Iowa State Cyclones : RHP Derrek Sánchez
Batting: RHB Owen Jenkins 0-0: SINGLE (Line Drive, 78S)
Batting: LHB B.J. Ware 0-0: Called Strike
0-1: DOUBLE (Line Drive, 7LM)
Owen Jenkins to third
Batting: SHB Dan Morse 0-0: Ground out U3 (Groundball, 3)
Batting: RHB Mike Hammond 0-0: Called Strike
0-1: Ball
1-1: Foul Ball, location: 2F
1-2: SINGLE (Line Drive, 8LS)
Owen Jenkins scores
B.J. Ware to third
Batting: RHB Cal Cox 0-0: Ball
1-0: Grounds into double play, 5-4-3 (Groundball, 56)
Top of the 4th over - 1 run(s), 3 hit(s), 0 error(s), 1 left on base; California 1 - Iowa State 0
BOTTOM OF THE 4TH
Iowa State Cyclones batting - Pitching for California Golden Bears : LHP Keith O'Higgins
Batting: LHB Ángel Pérez 0-0: Ball
1-0: Ball
2-0: Foul Ball, location: 2F
2-1: SOLO HOME RUN (Line Drive, 9D), Distance : 359 ft
Batting: RHB Pedro Rivera 0-0: Ball
1-0: SINGLE (Groundball, 6MD)
Batting: SHB Ralph Marshall 0-0: Ball
1-0: Called Strike
1-1: Swinging Strike
1-2: Ball
2-2: Ball
3-2: Strikes out swinging
Batting: RHB Jim Hall 0-0: Ball
1-0: Ball
Pedro Rivera steals 2nd base
2-0: Ball
3-0: Called Strike
3-1: Ground out 6-3 (Groundball, 6MS)
Pedro Rivera to third
Batting: RHB Russell Cook 0-0: Called Strike
0-1: Ball
1-1: Called Strike
1-2: Ball
2-2: Ground out 4-3 (Groundball, 4)
Bottom of the 4th over - 1 run(s), 2 hit(s), 0 error(s), 1 left on base; California 1 - Iowa State 1
TOP OF THE 5TH
California Golden Bears batting - Pitching for Iowa State Cyclones : RHP Derrek Sánchez
Batting: RHB Cisco Villa 0-0: Called Strike
0-1: SOLO HOME RUN (Flyball, 7LD), Distance : 319 ft
Batting: RHB Johnny Phillips 0-0: Ball
1-0: Called Strike
1-1: Foul Ball, location: 2F
1-2: Fly out, F7 (Flyball, 7)
Batting: RHB Phil Cabrera 0-0: Called Strike
0-1: Called Strike
0-2: Ball
1-2: Fly out, F7 (Flyball, 7LMF)
Batting: RHB Sergio González 0-0: Ball
1-0: Swinging Strike
1-1: Fly out, F8 (Flyball, 8RD)
Top of the 5th over - 1 run(s), 1 hit(s), 0 error(s), 0 left on base; California 2 - Iowa State 1
BOTTOM OF THE 5TH
Iowa State Cyclones batting - Pitching for California Golden Bears : LHP Keith O'Higgins
Batting: RHB Paco Camacho 0-0: SINGLE (Line Drive, 9LS)
Batting: LHB Geoffrey Poole 0-0: Ball
1-0: Ball
2-0: Grounds into double play, 5-4-3 (Groundball, 56)
Batting: RHB Shane Marshall 0-0: Called Strike
0-1: Swinging Strike
0-2: Ball
1-2: Strikes out swinging
Bottom of the 5th over - 0 run(s), 1 hit(s), 0 error(s), 0 left on base; California 2 - Iowa State 1
TOP OF THE 6TH
California Golden Bears batting - Pitching for Iowa State Cyclones : RHP Derrek Sánchez
Batting: RHB Owen Jenkins 0-0: Called Strike
0-1: Ball
1-1: Foul Ball, location: 2F
1-2: Ball
2-2: Strikes out swinging
Batting: LHB B.J. Ware 0-0: Called Strike
0-1: Called Strike
0-2: Strikes out looking
Batting: SHB Dan Morse 0-0: Ball
1-0: Foul Ball, location: 2F
1-1: Called Strike
1-2: Ground out 5-3 (Groundball, 56S)
Top of the 6th over - 0 run(s), 0 hit(s), 0 error(s), 0 left on base; California 2 - Iowa State 1
BOTTOM OF THE 6TH
Iowa State Cyclones batting - Pitching for California Golden Bears : LHP Keith O'Higgins
Batting: SHB Jim Graves 0-0: Ground out 6-3 (Groundball, 6)
Batting: LHB Ángel Pérez 0-0: Called Strike
0-1: Foul Ball, location: 2F
0-2: Foul Ball, location: 2F
0-2: Ball
1-2: Ball
2-2: Ball
3-2: Base on Balls
Pitching: LHP James Key
Batting: RHB Pedro Rivera 0-0: Ball
1-0: SINGLE (Line Drive, 89S)
Ángel Pérez to second
Batting: SHB Ralph Marshall 0-0: Foul Ball, location: 2F
0-1: Ball
1-1: Foul Ball, location: 2F
1-2: Foul Ball, location: 2F
1-2: Foul Ball, location: 2F
1-2: Ball
2-2: Grounds into double play, 4-6-3 (Groundball, 34)
Bottom of the 6th over - 0 run(s), 1 hit(s), 0 error(s), 1 left on base; California 2 - Iowa State 1
TOP OF THE 7TH
California Golden Bears batting - Pitching for Iowa State Cyclones : RHP Derrek Sánchez
Batting: RHB Mike Hammond 0-0: SINGLE (Groundball, 6D)
Batting: RHB Cal Cox 0-0: Bunted foul
0-1: Bunted foul
0-2: Grounds into double play, 4-6-3 (Groundball, 34)
Batting: RHB Cisco Villa 0-0: Swinging Strike
0-1: Ball
1-1: Foul Ball, location: 2F
1-2: Ball
2-2: Foul Ball, location: 2F
2-2: Fly out, F8 (Line Drive, 89M)
Top of the 7th over - 0 run(s), 1 hit(s), 0 error(s), 0 left on base; California 2 - Iowa State 1
BOTTOM OF THE 7TH
Iowa State Cyclones batting - Pitching for California Golden Bears : LHP James Key
Batting: RHB Jim Hall 0-0: Foul Ball, location: 2F
0-1: Ball
1-1: Ball
2-1: Fly out, F7 (Flyball, 7)
Batting: RHB Russell Cook 0-0: Called Strike
0-1: Hit by Pitch
Batting: RHB Paco Camacho 0-0: Foul Ball, location: 2F
0-1: Foul Ball, location: 2F
0-2: Ground out 6-3 (Groundball, 4M)
Russell Cook to second
Batting: LHB Geoffrey Poole 0-0: Called Strike
0-1: Ground out U3 (Groundball, 3L)
Bottom of the 7th over - 0 run(s), 0 hit(s), 0 error(s), 1 left on base; California 2 - Iowa State 1
TOP OF THE 8TH
California Golden Bears batting - Pitching for Iowa State Cyclones : RHP Derrek Sánchez
Pitching: RHP Richard Lee
Batting: RHB Johnny Phillips 0-0: Called Strike
0-1: Ball
1-1: Foul Ball, location: 2F
1-2: SINGLE (Groundball, 56D)
Batting: RHB Phil Cabrera 0-0: Ball
1-0: Sac Bunt - play at first, batter OUT! 1-4
Johnny Phillips to second
Batting: RHB Sergio González 0-0: Intentional Walk
Batting: RHB Owen Jenkins 0-0: Called Strike
0-1: Swinging Strike
0-2: Ball
1-2: Ball
2-2: Ball
3-2: Foul Ball, location: 2F
3-2: Base on Balls
Johnny Phillips to third
Sergio González to second
Batting: LHB B.J. Ware 0-0: Called Strike
0-1: Fly out, F7 (Flyball, 7S)
Pinch Hitting: RHB Daniel Moody 0-0: Called Strike
0-1: Ball
1-1: Ball
2-1: Foul Ball, location: 2F
2-2: Ball
3-2: Strikes out swinging
Top of the 8th over - 0 run(s), 1 hit(s), 0 error(s), 3 left on base; California 2 - Iowa State 1
BOTTOM OF THE 8TH
Iowa State Cyclones batting - Pitching for California Golden Bears : LHP James Key
Pitching: RHP Ward Hunter
Now at 3B: Daniel Moody
Batting: RHB Shane Marshall 0-0: Called Strike
0-1: Ball
1-1: Swinging Strike
1-2: Foul Ball, location: 2F
1-2: Strikes out swinging
Pitching: LHP David Waller
Batting: SHB Jim Graves 0-0: Called Strike
0-1: Foul Ball, location: 2F
0-2: Ball
1-2: Strikes out swinging
Batting: LHB Ángel Pérez 0-0: Foul Ball, location: 2F
0-1: Ball
1-1: Foul Ball, location: 2F
1-2: Foul Ball, location: 2F
1-2: Foul Ball, location: 2F
1-2: Ball
2-2: SINGLE (Flyball, 9LS)
Pitching: RHP Darrell Barnett
Pinch Runner at 1st Mike O'Bryan:
Batting: RHB Pedro Rivera 0-0: Ball
1-0: SINGLE (Flyball, 8RS)
Mike O'Bryan to second
Pitching: LHP Dexter Hubert
Batting: SHB Ralph Marshall 0-0: Called Strike
0-1: Swinging Strike
0-2: Foul Ball, location: 2F
0-2: Ball
1-2: Strikes out swinging
Bottom of the 8th over - 0 run(s), 2 hit(s), 0 error(s), 2 left on base; California 2 - Iowa State 1
TOP OF THE 9TH
California Golden Bears batting - Pitching for Iowa State Cyclones : RHP Richard Lee
Pitching: RHP Tom Thomas
Now in RF: Mike O'Bryan
Batting: RHB Mike Hammond 0-0: Called Strike
0-1: Foul Ball, location: 2F
0-2: Ball
1-2: Ball
2-2: Ground out 5-3 (Groundball, 56)
Batting: RHB Cal Cox 0-0: Swinging Strike
0-1: Foul Ball, location: 2F
0-2: Ground out 6-3 (Groundball, 6)
Batting: RHB Cisco Villa 0-0: Ball
1-0: Called Strike
1-1: Foul Ball, location: 2F
1-2: SINGLE (Line Drive, 34D)
Batting: RHB Johnny Phillips 0-0: Fly out, F7 (Flyball, 7LS)
Top of the 9th over - 0 run(s), 1 hit(s), 0 error(s), 1 left on base; California 2 - Iowa State 1
BOTTOM OF THE 9TH
Iowa State Cyclones batting - Pitching for California Golden Bears : LHP Dexter Hubert
Pitching: RHP Vic Curtis
Batting: RHB Jim Hall 0-0: Called Strike
0-1: Foul Ball, location: 2F
0-2: Ball
1-2: Strikes out swinging
Batting: RHB Russell Cook 0-0: Foul Ball, location: 2F
0-1: Ball
1-1: Ground out 4-3 (Groundball, 4S)
Batting: RHB Paco Camacho 0-0: SINGLE (Groundball, 6MD)
Batting: LHB Geoffrey Poole 0-0: Ball
1-0: Swinging Strike
1-1: DOUBLE (Line Drive, 8LD)
Paco Camacho to third
Runner from 3rd tries for Home, SAFE, no throw
Batting: RHB Shane Marshall 0-0: Called Strike
0-1: Ball
1-1: Ball
2-1: Called Strike
2-2: Ball
3-2: Foul Ball, location: 2F
3-2: SINGLE (Line Drive, 4MD)
Geoffrey Poole to third
Geoffrey Poole scores
Tuesday, August 8th, 2017 - OOTP Baseball 17.12 Build 75